 Dungeon Crawl Stone Soup version 0.23.2-33-g5129a83184 (webtiles) character file.

Game seed: 6121637455488445883

5644 Exodus22XD the Covert (level 10, -14/39 HPs)
             Began as a Felid Enchanter on June 27, 2019.
             Was an Elder of Dithmenos.
             Shot with a stone by a faun (21 damage)
             ... on level 1 of the Shoals.
             The game lasted 02:15:20 (13945 turns).

Exodus22XD the Covert (Felid Enchanter)            Turns: 13945, Time: 02:15:21

Health: -14/39     AC:  2    Str:  4    XL:     10   Next: 46%
Magic:  19/26      EV: 29    Int: 17    God:    Dithmenos [****..]
Gold:   422        SH:  0    Dex: 26    Spells: 2/13 levels left
                                        Lives:  0   Deaths: 3

rFire    . . .     SeeInvis +     - Unarmed
rCold    . . .     Gourm    .   (shield unavailable)
rNeg     . . .     Faith    .   (armour unavailable)
rPois    .         Spirit   .   (helmet unavailable)
rElec    .         Reflect  .   (cloak unavailable)
rCorr    .         Harm     .   (gloves unavailable)
MR       +....                  (boots unavailable)
Stlth    ++........             (no amulet)
HPRegen  0.13/turn              e - ring of magical power
MPRegen  0.20/turn              k - +6 ring of dexterity

@: slowed, glowing, very slow
A: very small, no armour, no weapons or thrown items, stealth, claws 1, fangs 3,
see invisible, carnivore, speed 1, shaggy fur 2, slow metabolism 1, sharp paws
a: Shadow Step, Renounce Religion


You were on level 1 of the Shoals.
You worshipped Dithmenos.
Dithmenos was greatly pleased with you.
You were not hungry.

You visited 3 branches of the dungeon, and saw 13 of its levels.

You collected 422 gold pieces.

Inventory:

Hand Weapons
 v - a +0 short sword
Jewellery
 e - a ring of magical power (left paw)
 k - a +6 ring of dexterity (right paw)
 o - an uncursed ring of positive energy
 u - an uncursed ring of protection from cold
Wands
 p - a wand of enslavement (3)
 r - a wand of random effects (19)
 s - a wand of flame (2)
 y - a wand of iceblast (3)
Scrolls
 c - a scroll of teleportation
 d - 7 scrolls of remove curse
 f - 4 scrolls of amnesia
 g - 2 scrolls of enchant weapon
 h - 2 scrolls of noise {unknown}
 i - 2 scrolls of magic mapping {unknown}
 j - a scroll of immolation {unknown}
 n - a scroll of random uselessness {unknown}
 t - a scroll of silence {unknown}
Potions
 a - a potion of curing
 l - 3 potions of lignification
 m - 3 potions of brilliance
 q - 3 potions of flight
 w - a potion of agility
 x - a potion of mutation
Miscellaneous
 A - a phantom mirror
Comestibles
 b - 12 rations


   Skills:
 - Level 1.0 Fighting
 - Level 10.1 Dodging
 - Level 14.3 Stealth
 - Level 10.4 Unarmed Combat
 - Level 2.0 Spellcasting
 - Level 9.4 Hexes
 - Level 0.4 Ice Magic
 + Level 9.3 Evocations


You had 2 spell levels left.
You knew the following spells:

 Your Spells              Type           Power        Failure   Level  Hunger
a - Corona                Hex            ####...      1%          1    #......
b - Confuse               Hex            ####....     1%          3    ###....
c - Tukima's Dance        Hex            ####....     1%          3    ###....
d - Slow                  Hex            ####....     1%          2    ###....
e - Ensorcelled Hibernat  Hex/Ice        ###...       3%          2    ###....

Your spell library contained the following spells:

 Spells                   Type           Power        Failure   Level  Hunger
 Magic Dart               Conj           #...         19%         1    #......
 Summon Small Mammal      Summ           #...         19%         1    #......
 Blink                    Tloc           N/A          28%         2    ###....
 Call Imp                 Summ           #.......     28%         2    ###....
 Searing Ray              Conj           #.....       28%         2    ###....
 Dazzling Spray           Conj/Hex       ###...       9%          3    ###....
 Summon Guardian Golem    Hex/Summ       ###.....     9%          3    ###....
 Fulminant Prism          Conj/Hex       ###.......   28%         4    #####..
 Call Canine Familiar     Summ           #.......     50%         3    ###....
 Conjure Flame            Conj/Fire      #.......     50%         3    ###....
 Mephitic Cloud           Conj/Pois/Air  #.......     50%         3    ###....
 Summon Ice Beast         Ice/Summ       #.......     87%         4    #####..
 Force Lance              Conj/Tloc      #.......     88%         4    #####..
 Iskenderun's Mystic Bla  Conj           #.......     88%         4    #####..
 Summon Lightning Spire   Summ/Air       #.......     88%         4    #####..


Dungeon Overview and Level Annotations

Branches:
Dungeon (10/15)            Temple (0/1) D:4            Lair (2/6) D:10
 Shoals (1/4) Lair:2
  Snake: Lair:2-4    Spider: Lair:2-4       Orc: D:9-12

Altars:
Ashenzari
Cheibriados
Dithmenos
Fedhas
Gozag
Nemelex Xobeh
Okawaru
Uskayaw
Wu Jian
Yredelemnul
Zin
The Shining One

Shops:
D:4 [   Shoals:1 (

Annotations:
D:8 2 runed translucent doors, Foic's ghost, novice VSEn; Joseph
D:10 Erolcha
Shoals:1 exclusion: Roxanne, Roxanne


Innate Abilities, Weirdness & Mutations

You cannot wear armour.
You are incapable of wielding weapons or throwing items.
Your paws allow you to move quietly. (Stealth)
You have sharp claws.
You have razor-sharp teeth.
You have supernaturally acute eyesight. (SInv)
You are carnivorous and can eat meat at any time.
You cover ground quickly.
You are covered in thick fur. (AC +2)
You have a slow metabolism.
Your sharp claws are effective at attacking unaware monsters.


Message History

Casting: Ensorcelled Hibernation (safe; 3% risk of failure)
Confirm with . or Enter, or press ? or * to list all spells.
Aiming: Ensorcelled Hibernation (safe; 3% risk of failure)
Press: ? - help, Shift-Dir - straight line, f - water nymph, p - faun
Aim: a water nymph (umbra, chance to defeat MR: 1%)
The water nymph resists with almost no effort.
The faun shouts!
The faun unwields a +0 spear.
The faun wields a +0 hunting sling.
The faun shoots a stone.
The stone completely misses you. The water nymph misses you.
Splash!
You fall into the shallow water.
Moving in this stuff is going to be slow.
The faun hits you with a cursed -2 quarterstaff!!
Ouch! That really hurt!
* * * LOW HITPOINT WARNING * * *
You emit a cloud of dark smoke.
The water nymph barely misses you.
The faun shoots a stone.
The stone hits you!!
Ouch! That really hurt!
You die...

#..≈≈≈≈≈.###..≈≈≈..≈≈≈≈
#.............≈≈....≈≈≈ .
##.†...?............≈≈≈ ..
#...............#..≈≈≈ ..
#...............# ...≈ #..
#..............§##...≈
.##..##.............§§§§..≈≈
.P..c.....§§c≈.......§§§.≈≈≈
P.P........@mt......§§..§.≈≈
P.........§≈§(≈.≈.......§...
P............≈≈≈.≈≈......##..
.......≈≈≈≈...≈≈∩≈≈.≈≈.≈.# #.
.......≈≈≈≈≈..≈≈≈≈≈.≈≈≈...# #
PP≈8..........≈≈≈≈≈≈≈≈..≈≈≈≈..#
≈P≈≈..........≈≈≈≈≈≈≈≈......≈.#
≈≈≈≈..........≈≈≈≈≈≈≈≈....≈≈...
≈≈≈..........≈≈≈≈≈≈≈≈≈...≈≈≈.≈≈


You could see a snapping turtle, 2 fauns and a water nymph.

Vanquished Creatures
  A merfolk impaler (Shoals:1)
  A hydra (Lair:1)
  Sonja (D:10)
  2 sea snakes (Shoals:1)
  2 manticores (Shoals:1)
  3 spiny frogs (Lair:1)
  A komodo dragon (Lair:2)
  2 merfolk (Shoals:1)
  A queen bee (D:8)
  Grinder (D:5)
  A hornet (D:7)
  A snapping turtle (Shoals:1)
  2 wyverns
  A hungry ghost (D:9)
  9 yaks
  A steam dragon (D:8)
  2 wargs
  Edmund (D:5)
  A water moccasin (D:8)
  Duvessa (D:4)
  A porcupine (Lair:2)
  2 ice beasts
  An orc warrior (D:9)
  3 sky beasts
  A phantom (D:9)
  4 ogres
  3 crocodiles (Lair:1)
  5 centaurs
  15 wolves
  Blork the orc (D:4)
  6 bullfrogs
  Dowan (D:4)
  12 killer bees (D:8)
  2 wights (D:8)
  4 crimson imps
  4 howler monkeys
  A centaur zombie (D:10)
  A quasit (D:8)
  9 orc priests
  2 bullfrog zombies
  A hound (D:9)
  2 jellies
  A bullfrog skeleton (D:5)
  2 iguanas
  7 orc wizards
  5 worker ants
  2 hound zombies
  A hound skeleton (D:8)
  2 worker ant zombies
  7 gnolls
  18 adders
  2 shadow imps
  An ooze (D:2)
  3 adder skeletons
  2 worms
  3 dart slugs
  2 leopard geckos
  22 orcs
  2 ball pythons
  5 giant cockroaches
  2 gnoll zombies (D:6)
  11 goblins
  4 hobgoblins
  10 jackals
  4 quokkas
  2 bats
  5 frilled lizards
  A giant cockroach zombie (D:6)
  6 kobolds (D:2)
  A leopard gecko skeleton (D:6)
  7 rats (D:2)
256 creatures vanquished.

Vanquished Creatures (collateral kills)
  An orc warrior (D:10)
  A bullfrog (Lair:2)
  A killer bee (D:8)
  2 orcs (D:10)
5 creatures vanquished.

Vanquished Creatures (others)
  3 dancing weapons
  A water moccasin (Lair:2)
  5 fungi (Lair:2)
  4 plants (D:8)
13 creatures vanquished.

Grand Total: 274 creatures vanquished

Notes
Turn   | Place    | Note
-------+----------+-------------------------------------------
     0 | D:1      | Exodus22XD the Felid Enchanter began the quest for the Orb.
     0 | D:1      | Reached XP level 1. HP: 7/7 MP: 4/4
   402 | D:1      | Reached XP level 2. HP: 6/11 MP: 6/6
   975 | D:2      | Found a hide-covered altar of Uskayaw.
   998 | D:2      | Found an iron altar of Okawaru.
  1013 | D:2      | Reached skill level 5 in Stealth
  1502 | D:2      | Reached XP level 3. HP: 9/14 MP: 7/7
  1656 | D:2      | Reached skill level 6 in Stealth
  1672 | D:2      | Found a shadowy altar of Dithmenos.
  1677 | D:2      | Became a worshipper of Dithmenos the Shadowed
  1780 | D:2      | Found a faded altar of an unknown god.
  1915 | D:2      | Reached XP level 4. HP: 18/18 MP: 8/8
  2664 | D:4      | Learned a level 3 spell: Confuse
  2664 | D:4      | Noticed Blork the orc
  2674 | D:4      | Killed Blork the orc
  2674 | D:4      | Reached skill level 1 in Fighting
  2674 | D:4      | Reached skill level 7 in Stealth
  2674 | D:4      | Reached XP level 5. HP: 22/22 MP: 9/9
  2741 | D:4      | Found Umuj's Antique Armour Shoppe.
  2788 | D:4      | Found a staircase to the Ecumenical Temple.
  2836 | D:4      | Noticed a phantom
  3124 | D:4      | Reached * piety under Dithmenos
  3183 | D:4      | Gained mutation: You are covered in thick fur. (AC +2)
                  | [Felid growth]
  3183 | D:4      | Reached XP level 6. HP: 25/25 MP: 10/10
  3230 | D:4      | Noticed Dowan
  3230 | D:4      | Noticed Duvessa
  3234 | D:4      | Reached skill level 8 in Stealth
  3872 | D:3      | Found a shattered altar of Ashenzari.
  4255 | D:5      | Entered Level 5 of the Dungeon
  4256 | D:5      | Noticed Grinder
  4277 | D:5      | Killed Grinder
  4277 | D:5      | Reached skill level 9 in Stealth
  4277 | D:5      | Reached XP level 7. HP: 23/28 MP: 3/11
  4488 | D:5      | Noticed Edmund
  4549 | D:4      | Learned a level 3 spell: Tukima's Dance
  4591 | D:4      | Killed Dowan
  4622 | D:4      | Killed Duvessa
  4622 | D:4      | Reached skill level 5 in Unarmed Combat
  4951 | D:5      | Reached skill level 10 in Stealth
  5211 | D:5      | Reached ** piety under Dithmenos
  5243 | D:5      | Reached XP level 8. HP: 17/32 MP: 8/12
  5597 | D:5      | Killed Edmund
  6091 | D:5      | Reached skill level 5 in Dodging
  6339 | D:6      | Reached skill level 11 in Stealth
  6461 | D:6      | Found a basalt altar of Yredelemnul.
  6987 | D:7      | Found a snail-covered altar of Cheibriados.
  7033 | D:7      | Reached XP level 9. HP: 35/35 MP: 13/13
  7067 | D:7      | Found a glowing golden altar of the Shining One.
  7133 | D:7      | Found a glowing silver altar of Zin.
  7133 | D:7      | Noticed an angel
  7183 | D:7      | Reached *** piety under Dithmenos
  7198 | D:7      | Reached skill level 12 in Stealth
  8047 | D:8      | Found a sparkling altar of Nemelex Xobeh.
  8081 | D:8      | Found a blossoming altar of Fedhas.
  8119 | D:8      | Noticed a queen bee
  8261 | D:8      | Found a runed translucent gate.
  8262 | D:8      | Found a runed translucent gate.
  8262 | D:8      | Found an opulent altar of Gozag.
  8263 | D:8      | Found a runed translucent gate.
  8286 | D:8      | Reached skill level 13 in Stealth
  8365 | D:8      | Identified the +2 robe of Sorcery {+Inv rF++ rN+ Int-4}
  8524 | D:8      | Slain by a killer bee
  8525 | D:8      | Reached XP level 8. HP: -1/32 MP: 0/21
  8550 | D:8      | Noticed Joseph
  8620 | D:8      | Found an ornate altar of the Wu Jian Council.
  8771 | D:8      | Reached XP level 9. HP: 34/35 MP: 13/13
  8827 | D:8      | Noticed an unseen horror
  8828 | D:8      | Noticed Foic's ghost (novice VSEn)
  8829 | D:8      | Noticed a two-headed ogre
  8844 | D:8      | Killed a queen bee
  9388 | D:9      | Reached skill level 1 in Evocations
 10055 | D:9      | Reached **** piety under Dithmenos
 10173 | D:9      | Found a sparkling altar of Nemelex Xobeh.
 10434 | D:9      | Reached skill level 5 in Evocations
 10609 | D:10     | Entered Level 10 of the Dungeon
 10647 | D:9      | Reached XP level 10. HP: 17/39 MP: 8/15
 10833 | D:10     | Noticed Erolcha
 11146 | D:10     | Killed from afar by Erolcha
 11147 | D:10     | Reached XP level 9. HP: -13/35 MP: 15/23
 11148 | D:10     | Noticed a cyclops
 11156 | D:10     | Noticed Sonja
 11163 | D:10     | Killed Sonja
 11268 | D:10     | Reached skill level 14 in Stealth
 11268 | D:10     | Reached skill level 10 in Unarmed Combat
 11701 | D:10     | Found a staircase to the Lair.
 11717 | Lair:1   | Entered Level 1 of the Lair of Beasts
 11721 | Lair:1   | Noticed a spiny frog
 11987 | Lair:1   | Noticed a spiny frog
 12006 | Lair:1   | Killed a spiny frog
 12097 | Lair:1   | Noticed a spiny frog
 12104 | Lair:1   | Killed a spiny frog
 12116 | Lair:1   | Killed a spiny frog
 12116 | Lair:1   | Reached XP level 10. HP: 39/39 MP: 16/16
 12280 | Lair:1   | Noticed a seven-headed hydra
 12290 | Lair:1   | Killed a seven-headed hydra
 13024 | Lair:2   | Found a staircase to the Shoals.
 13455 | Shoals:1 | Entered Level 1 of the Shoals
 13455 | Shoals:1 | Noticed a sea snake
 13463 | Shoals:1 | Killed a sea snake
 13463 | Shoals:1 | Reached XP level 11. HP: 19/42 MP: 18/18
 13476 | Shoals:1 | Reached skill level 10 in Dodging
 13480 | Shoals:1 | Learned a level 2 spell: Slow
 13628 | Shoals:1 | Noticed a merfolk impaler
 13651 | Shoals:1 | Killed a merfolk impaler
 13685 | Shoals:1 | Noticed a sea snake
 13733 | Shoals:1 | Killed a sea snake
 13737 | Shoals:1 | Learned a level 2 spell: Ensorcelled Hibernation
 13803 | Shoals:1 | Noticed Roxanne
 13821 | Shoals:1 | Mangled by a merfolk
 13822 | Shoals:1 | Reached XP level 10. HP: -6/39 MP: 14/26
 13845 | Shoals:1 | Found Udurull's Antique Weapon Shoppe.
 13854 | Shoals:1 | Noticed a manticore
 13871 | Shoals:1 | Noticed a merfolk siren
 13886 | Shoals:1 | Killed a manticore
 13891 | Shoals:1 | Noticed a faun
 13901 | Shoals:1 | Noticed a faun
 13917 | Shoals:1 | Noticed a faun
 13918 | Shoals:1 | Noticed a manticore
 13925 | Shoals:1 | Noticed a water nymph
 13931 | Shoals:1 | Killed a manticore
 13933 | Shoals:1 | HP: 1/39 [snapping turtle (18)]
 13945 | Shoals:1 | Shot with a stone by a faun

Skill      XL: |  1  2  3  4  5  6  7  8  9 10 11 |
---------------+----------------------------------+-----
Stealth        | 5 6 7 9 10 11 14 | 14.3
Unarmed Combat | 2 3 4 5 7 10 | 10.4
Fighting       | 1 |  1.0
Dodging        | 3 4 5 7 9 10 | 10.1
Evocations     | 7 9 |  9.3
Hexes          | 6 9 |  9.4
Spellcasting   | |  2.0
Ice Magic      | |  0.4

Action                   |  1- 3 |  4- 6 |  7- 9 | 10-12 || total
-------------------------+-------+-------+-------+-------++-------
Melee: Unarmed           |    59 |   134 |   520 |    69 ||   782
       Bite              |     3 |    11 |    43 |     3 ||    60
       Punch             |       |     7 |    16 |     4 ||    27
 Cast: Corona            |     9 |     9 |    17 |     3 ||    38
       Confuse           |       |    29 |   107 |    49 ||   185
       Tukima's Dance    |       |       |    17 |       ||    17
       Ensorcelled Hiber |       |       |       |    12 ||    12
Invok: Shadow Step       |       |       |     2 |     2 ||     4
Evoke: Wand              |       |       |       |     8 ||     8
  Use: Scroll            |       |     8 |    11 |     5 ||    24
       Potion            |       |     3 |     3 |     2 ||     8
 Stab: Sleeping          |    17 |    16 |    36 |    10 ||    79
       Confused          |       |    12 |    47 |    20 ||    79
       Distracted        |       |       |    14 |     6 ||    20
  Eat: Chunk             |       |     6 |    27 |    12 ||    45
       Ration            |       |     1 |     5 |     1 ||     7
Armor: Skin              |     2 |     3 |    18 |     3 ||    26
Dodge: Dodged            |    27 |    98 |   549 |   188 ||   862
